MAA
YAKIMA HOPS @ ELLENBURG FIGHTING DACHSHUNDS
06/07/2019
 
TOP OF THE 1ST
Yakima Hops batting - Pitching for Ellenburg Fighting Dachshunds : RHP John Shirley
Pitching: RHP John Shirley
Batting: RHB Roberto Andrade 0-0: Ball
1-0: Ground out 6-3 (Groundball, 6)
Batting: SHB Craig Barnes 0-0: Swinging Strike
0-1: Swinging Strike
0-2: Strikes out looking
Batting: RHB Marcos Rivera 0-0: Ball
1-0: Fly out, F3 (Popup, 34D)
Top of the 1st over - 0 run(s), 0 hit(s), 0 error(s), 0 left on base; Yakima 0 - Ellenburg 0
BOTTOM OF THE 1ST
Ellenburg Fighting Dachshunds batting - Pitching for Yakima Hops : RHP Júlio Martínez
Pitching: RHP Júlio Martínez
Batting: LHB Joe McElroy 0-0: SINGLE (Groundball, 4MD)
Batting: LHB Ramón Hernández 0-0: DOUBLE (Line Drive, 8LM)
Joe McElroy to third
Batting: LHB Ismael Cabrera 0-0: Ball
1-0: Ball
2-0: Called Strike
2-1: Foul Ball, location: 2F
2-2: Fly out, F2 (Popup, 2R)
Batting: RHB Jesús López 0-0: Fly out, F9 (Flyball, 9M)
Runner from 3rd tags up, SCORES, throw made
Batting: RHB Isaac Downey 0-0: Called Strike
0-1: Ball
1-1: SINGLE (Flyball, 78S)
Ramón Hernández to third
Runner from 3rd tries for Home, SAFE, no throw or cutoff
Batting: RHB Eddie Davis 0-0: Ball
1-0: Called Strike
1-1: Foul Ball, location: 2F
1-2: Foul Ball, location: 2F
1-2: Ground out 1-3 (Groundball, 13)
Bottom of the 1st over - 2 run(s), 3 hit(s), 0 error(s), 1 left on base; Yakima 0 - Ellenburg 2
TOP OF THE 2ND
Yakima Hops batting - Pitching for Ellenburg Fighting Dachshunds : RHP John Shirley
Batting: SHB Brian Ray 0-0: Ground out 4-3 (Groundball, 4)
Batting: RHB Cal Jackson 0-0: Ball
1-0: Called Strike
1-1: Ball
2-1: Ball
3-1: Ground out 5-3 (Groundball, 5S)
Batting: RHB Rafael Najcrea 0-0: Ball
1-0: Fly out, F9 (Popup, 34D)
Top of the 2nd over - 0 run(s), 0 hit(s), 0 error(s), 0 left on base; Yakima 0 - Ellenburg 2
BOTTOM OF THE 2ND
Ellenburg Fighting Dachshunds batting - Pitching for Yakima Hops : RHP Júlio Martínez
Batting: LHB Alan Hardy 0-0: Ball
1-0: Ball
2-0: Called Strike
2-1: Swinging Strike
2-2: Strikes out swinging
Batting: RHB Manuel Herrera 0-0: Foul Ball, location: 2F
0-1: Ball
1-1: Ball
2-1: Foul Ball, location: 2F
2-2: Ball
3-2: Foul Ball, location: 2F
3-2: SINGLE (Flyball, 7S)
Batting: RHB Tim Martínez 0-0: Ball
1-0: Called Strike
1-1: Ball
2-1: Called Strike
2-2: Strikes out looking
Batting: LHB Joe McElroy 0-0: Ball
1-0: Called Strike
1-1: Foul Ball, location: 2F
1-2: Foul Ball, location: 2F
1-2: Strikes out swinging
Bottom of the 2nd over - 0 run(s), 1 hit(s), 0 error(s), 1 left on base; Yakima 0 - Ellenburg 2
TOP OF THE 3RD
Yakima Hops batting - Pitching for Ellenburg Fighting Dachshunds : RHP John Shirley
Batting: RHB Michael Martin 0-0: Called Strike
0-1: Ground out 4-3 (Groundball, 4MS)
Batting: SHB Carlos Sánchez 0-0: Foul Ball, location: 2F
0-1: Ball
1-1: Foul Ball, location: 2F
1-2: Foul Ball, location: 2F
1-2: Fly out, F6 (Popup, 6S)
Batting: RHB Jim Allen 0-0: Foul Ball, location: 2F
0-1: Ball
1-1: Ball
2-1: Foul Ball, location: 2F
2-2: SINGLE (Groundball, 4D)
Batting: RHB Roberto Andrade 0-0: Ball
1-0: Foul Ball, location: 2F
1-1: Ground out 6-3 (Groundball, 56)
Top of the 3rd over - 0 run(s), 1 hit(s), 0 error(s), 1 left on base; Yakima 0 - Ellenburg 2
BOTTOM OF THE 3RD
Ellenburg Fighting Dachshunds batting - Pitching for Yakima Hops : RHP Júlio Martínez
Batting: LHB Ramón Hernández 0-0: Ball
1-0: Ball
2-0: Fly out, F5 (Popup, 5F)
Batting: LHB Ismael Cabrera 0-0: Ball
1-0: Foul Ball, location: 2F
1-1: Ball
2-1: Ball
3-1: Foul Ball, location: 2F
3-2: Foul Ball, location: 2F
3-2: Base on Balls
Batting: RHB Jesús López 0-0: Grounds into double play, 4-6-3 (Groundball, 4)
Bottom of the 3rd over - 0 run(s), 0 hit(s), 0 error(s), 0 left on base; Yakima 0 - Ellenburg 2
TOP OF THE 4TH
Yakima Hops batting - Pitching for Ellenburg Fighting Dachshunds : RHP John Shirley
Batting: SHB Craig Barnes 0-0: Ball
1-0: Called Strike
1-1: Fly out, F6 (Line Drive, 6)
Batting: RHB Marcos Rivera 0-0: Foul Ball, location: 2F
0-1: Ground out 6-3 (Groundball, 6M)
Batting: SHB Brian Ray 0-0: Ball
1-0: Ball
2-0: Ball
3-0: Called Strike
3-1: Foul Ball, location: 2F
3-2: Base on Balls
Batting: RHB Cal Jackson 0-0: Ball
1-0: Ball
2-0: Ball
3-0: Called Strike
3-1: Base on Balls
Brian Ray to second
Batting: RHB Rafael Najcrea 0-0: SINGLE (Groundball, 56D)
Brian Ray to third
Cal Jackson to second
Runner from 3rd tries for Home, SAFE, throw made home
Cal Jackson to third
Rafael Najcrea to second
Batting: RHB Michael Martin 0-0: SINGLE (Line Drive, 8LS)
Cal Jackson scores
Rafael Najcrea to third
Runner from 3rd tries for Home, SAFE, no throw or cutoff
Batting: SHB Carlos Sánchez 0-0: Called Strike
0-1: Ground out 4-3 (Groundball, 4)
Top of the 4th over - 3 run(s), 2 hit(s), 0 error(s), 1 left on base; Yakima 3 - Ellenburg 2
BOTTOM OF THE 4TH
Ellenburg Fighting Dachshunds batting - Pitching for Yakima Hops : RHP Júlio Martínez
Batting: RHB Isaac Downey 0-0: Called Strike
0-1: Foul Ball, location: 2F
0-2: Ball
1-2: Strikes out swinging
Batting: RHB Eddie Davis 0-0: Ball
1-0: Ball
2-0: Swinging Strike
2-1: Ball
3-1: Fly out, F9 (Line Drive, 9LS)
Batting: LHB Alan Hardy 0-0: Reached on error, E6 (Groundball, 6M)
Batting: RHB Manuel Herrera 0-0: Ball
1-0: Ball
2-0: Foul Ball, location: 2F
2-1: Ball
3-1: Fly out, F3 (Popup, 3SF)
Bottom of the 4th over - 0 run(s), 0 hit(s), 1 error(s), 1 left on base; Yakima 3 - Ellenburg 2
TOP OF THE 5TH
Yakima Hops batting - Pitching for Ellenburg Fighting Dachshunds : RHP John Shirley
Batting: RHB Jim Allen 0-0: Foul Ball, location: 2F
0-1: Foul Ball, location: 2F
0-2: Ball
1-2: Ball
2-2: Ball
3-2: Fly out, F7 (Flyball, 7LM)
Batting: RHB Roberto Andrade 0-0: Ball
1-0: Ball
2-0: Ball
3-0: Base on Balls
Batting: SHB Craig Barnes 0-0: Ball
1-0: Called Strike
1-1: Called Strike
1-2: Fly out, F2 (Popup, 2RF)
Batting: RHB Marcos Rivera 0-0: Ball
Roberto Andrade steals 2nd base
1-0: Ball
2-0: Fly out, F7 (Flyball, 78M)
Top of the 5th over - 0 run(s), 0 hit(s), 0 error(s), 1 left on base; Yakima 3 - Ellenburg 2
BOTTOM OF THE 5TH
Ellenburg Fighting Dachshunds batting - Pitching for Yakima Hops : RHP Júlio Martínez
Batting: RHB Tim Martínez 0-0: Called Strike
0-1: Ball
1-1: Called Strike
1-2: Foul Ball, location: 2F
1-2: Ball
2-2: Ground out 4-3 (Groundball, 4)
Batting: LHB Joe McElroy 0-0: Ball
1-0: Ball
2-0: Ball
3-0: Base on Balls
Batting: LHB Ramón Hernández 0-0: Ball
1-0: Foul Ball, location: 2F
1-1: Called Strike
1-2: Strikes out swinging
Batting: LHB Ismael Cabrera 0-0: Ball
1-0: Swinging Strike
1-1: Foul Ball, location: 2F
1-2: Ball
2-2: Strikes out swinging
Bottom of the 5th over - 0 run(s), 0 hit(s), 0 error(s), 1 left on base; Yakima 3 - Ellenburg 2
TOP OF THE 6TH
Yakima Hops batting - Pitching for Ellenburg Fighting Dachshunds : RHP John Shirley
Batting: SHB Brian Ray 0-0: Ball
1-0: Called Strike
1-1: DOUBLE (Line Drive, 8LD)
Batting: RHB Cal Jackson 0-0: Ball
1-0: Ball
2-0: Called Strike
2-1: Fly out, F8 (Flyball, 8LM)
Batting: RHB Rafael Najcrea 0-0: Ball
1-0: Fly out, F5 (Line Drive, 5)
Batting: RHB Michael Martin 0-0: Ball
1-0: Called Strike
1-1: SINGLE (Groundball, 56D)
Brian Ray to third
Runner from 3rd tries for Home, SAFE, no throw or cutoff
Batting: SHB Carlos Sánchez 0-0: SINGLE (Groundball, 34D)
Michael Martin to second
Runner from 2nd tries for 3rd, SAFE, throw made to third
Batting: RHB Jim Allen 0-0: Ball
1-0: Foul Ball, location: 2F
1-1: Ball
2-1: Ball
3-1: Base on Balls
Carlos Sánchez to second
Batting: RHB Roberto Andrade 0-0: Ball
1-0: Ball
2-0: Foul Ball, location: 2F
2-1: Ball
3-1: Swinging Strike
3-2: Foul Ball, location: 2F
3-2: Strikes out swinging
Top of the 6th over - 1 run(s), 3 hit(s), 0 error(s), 3 left on base; Yakima 4 - Ellenburg 2
BOTTOM OF THE 6TH
Ellenburg Fighting Dachshunds batting - Pitching for Yakima Hops : RHP Júlio Martínez
Batting: RHB Jesús López 0-0: Ball
1-0: Foul Ball, location: 2F
1-1: Ball
2-1: SINGLE (Groundball, 56D)
Batting: RHB Isaac Downey 0-0: Called Strike
0-1: Swinging Strike
0-2: Ball
1-2: Strikes out swinging
Batting: RHB Eddie Davis 0-0: Ball
1-0: SINGLE (Groundball, 34D)
Jesús López to second
Runner from 2nd tries for 3rd, SAFE, throw made to third
Batting: LHB Alan Hardy 0-0: Swinging Strike
0-1: Ball
1-1: Ball
2-1: Ball
3-1: Called Strike
3-2: SINGLE (Groundball, 34)
Jesús López scores
Eddie Davis to second
Runner from 2nd tries for 3rd, SAFE, throw made to third
Batting: RHB Manuel Herrera 0-0: Foul Ball, location: 2F
0-1: Foul Ball, location: 2F
0-2: Ball
1-2: Foul Ball, location: 2F
1-2: Ball
Throwing error on steal attempt, E2
Eddie Davis scores
Alan Hardy to third
2-2: Foul Ball, location: 2F
2-2: Ball
3-2: SINGLE (Groundball, 4M) (infield hit)
Alan Hardy scores
Pitching: LHP Francisco López
Batting: RHB Tim Martínez 0-0: Called Strike
0-1: Fly out, F8 (Flyball, 8LM)
Batting: LHB Joe McElroy 0-0: Ball
1-0: Ball
2-0: DOUBLE (Groundball, 5D)
Manuel Herrera to third
Runner from 3rd tries for Home, SAFE, no throw or cutoff
Batting: LHB Ramón Hernández 0-0: Ball
1-0: Ball
2-0: Foul Ball, location: 2F
2-1: Called Strike
2-2: Foul Ball, location: 2F
2-2: Foul Ball, location: 2F
2-2: 2-RUN HOME RUN (Flyball, 9D), Distance : 380 ft
Batting: LHB Ismael Cabrera 0-0: Ground out 4-3 (Groundball, 4M)
Bottom of the 6th over - 6 run(s), 6 hit(s), 1 error(s), 0 left on base; Yakima 4 - Ellenburg 8
TOP OF THE 7TH
Yakima Hops batting - Pitching for Ellenburg Fighting Dachshunds : RHP John Shirley
Batting: SHB Craig Barnes 0-0: Fly out, F2 (Popup, 2LF)
Batting: RHB Marcos Rivera 0-0: Ball
1-0: Called Strike
1-1: Ball
2-1: Foul Ball, location: 2F
2-2: Foul Ball, location: 2F
2-2: SINGLE (Line Drive, 34D)
Batting: SHB Brian Ray 0-0: Ball
1-0: Ball
2-0: Swinging Strike
2-1: Ball
3-1: Swinging Strike
3-2: Base on Balls
Marcos Rivera to second
Pitching: RHP Abel Blok
Batting: RHB Cal Jackson 0-0: Ball
1-0: Swinging Strike
1-1: Ball
2-1: Fly out, F8 (Popup, 8RS)
Batting: RHB Rafael Najcrea 0-0: Called Strike
0-1: Called Strike
0-2: Ball
1-2: Ground out 5-3 (Groundball, 5S)
Top of the 7th over - 0 run(s), 1 hit(s), 0 error(s), 2 left on base; Yakima 4 - Ellenburg 8
BOTTOM OF THE 7TH
Ellenburg Fighting Dachshunds batting - Pitching for Yakima Hops : LHP Francisco López
Batting: RHB Jesús López 0-0: Ball
1-0: Ball
2-0: Foul Ball, location: 2F
2-1: Foul Ball, location: 2F
2-2: Foul Ball, location: 2F
2-2: Ground out 1-3 (Groundball, 23)
Batting: RHB Isaac Downey 0-0: Ball
1-0: Fly out, F2 (Popup, 2LF)
Batting: RHB Eddie Davis 0-0: Foul Ball, location: 2F
0-1: Ball
1-1: SINGLE (Popup, 9S)
Batting: LHB Alan Hardy 0-0: Called Strike
0-1: Ball
1-1: Swinging Strike
1-2: Fly out, F7 (Flyball, 7M)
Bottom of the 7th over - 0 run(s), 1 hit(s), 0 error(s), 1 left on base; Yakima 4 - Ellenburg 8
TOP OF THE 8TH
Yakima Hops batting - Pitching for Ellenburg Fighting Dachshunds : RHP Abel Blok
Batting: RHB Michael Martin 0-0: Ball
1-0: Ball
2-0: Called Strike
2-1: Fly out, F3 (Popup, 3)
Batting: SHB Carlos Sánchez 0-0: Foul Ball, location: 2F
0-1: Swinging Strike
0-2: Ball
1-2: Foul Ball, location: 2F
1-2: Ball
2-2: Ball
3-2: Foul Ball, location: 2F
3-2: Strikes out looking
Batting: RHB Jim Allen 0-0: Ground out 5-3 (Groundball, 5)
Top of the 8th over - 0 run(s), 0 hit(s), 0 error(s), 0 left on base; Yakima 4 - Ellenburg 8
BOTTOM OF THE 8TH
Ellenburg Fighting Dachshunds batting - Pitching for Yakima Hops : LHP Francisco López
Batting: RHB Manuel Herrera 0-0: Ball
1-0: Fly out, F3 (Popup, 34)
Pitching: RHP Bill Muńóz
Batting: RHB Tim Martínez 0-0: Ball
1-0: Ground out 5-3 (Groundball, 5L)
Batting: LHB Joe McElroy 0-0: Foul Ball, location: 2F
0-1: Called Strike
0-2: DOUBLE (Flyball, 9LM)
Batting: LHB Ramón Hernández 0-0: Ball
1-0: Called Strike
1-1: Ball
2-1: Fly out, F5 (Line Drive, 5)
Bottom of the 8th over - 0 run(s), 1 hit(s), 0 error(s), 1 left on base; Yakima 4 - Ellenburg 8
TOP OF THE 9TH
Yakima Hops batting - Pitching for Ellenburg Fighting Dachshunds : RHP Abel Blok
Batting: RHB Roberto Andrade 0-0: Ball
1-0: Swinging Strike
1-1: Called Strike
1-2: Strikes out swinging
Batting: SHB Craig Barnes 0-0: Foul Ball, location: 2F
0-1: SINGLE (Groundball, 15S) (infield hit)
Batting: RHB Marcos Rivera 0-0: Ball
1-0: Foul Ball, location: 2F
1-1: Ball
2-1: Ball
3-1: Swinging Strike
3-2: Reached on error, E5 (Groundball, 56)
Craig Barnes to second
Pitching: RHP Ed Stark
Batting: SHB Brian Ray 0-0: Foul Ball, location: 2F
0-1: Ball
1-1: Fly out, F6 (Popup, 6M)
Batting: RHB Cal Jackson 0-0: Ball
1-0: Ground out 6-3 (Groundball, 6)
Top of the 9th over - 0 run(s), 1 hit(s), 1 error(s), 2 left on base; Yakima 4 - Ellenburg 8
This league is powered by Out of the Park Baseball, the baseball management simulation game for PC, Mac and Linux
Saturday, July 25th, 2015 - OOTP Baseball 15.6 Build 34